 Dungeon Crawl Stone Soup version 0.26.1-11-gd32895ea62 (webtiles) character file.

Game seed: 9253770391138983089

47 PaiMei the Changer (level 3, 0/27 HPs)
             Began as a Merfolk Transmuter on June 24, 2021.
             Slain by an orc wizard
             ... wielding a +0 dagger
              (4 damage)
             ... on level 3 of the Dungeon.
             The game lasted 00:04:51 (3347 turns).

PaiMei the Changer (Merfolk Transmuter)             Turns: 3347, Time: 00:04:51

Health: 0/27       AC:  2    Str: 10    XL:     3   Next: 70%
Magic:  5/6        EV: 13    Int: 13    God:
Gold:   148        SH:  0    Dex: 14    Spells: 5/6 levels left

rFire    . . .     SeeInvis .   e - +0 dagger
rCold    . . .     Faith    .   (no shield)
rNeg     . . .     Spirit   .   b - +0 robe (curse)
rPois    .         Reflect  .   (helmet currently unavailable)
rElec    .         Harm     .   (no cloak)
rCorr    .         Rampage  .   (no gloves)
Will     .....                  (boots currently unavailable)
Stlth    +.........             (no amulet)
HPRegen  0.09/turn              (no ring)
MPRegen  0.10/turn              (no ring)

@: appendages
A: change form in water, swift swim, stealthy swim, horns 2
a: End Transformation


You were on level 3 of the Dungeon.
You had grown temporary horns.
You visited 1 branch of the dungeon, and saw 4 of its levels.

You collected 148 gold pieces.

Inventory:

Hand Weapons
 e - a +0 dagger (weapon)
Missiles
 c - 68 stones
 f - 4 javelins
 m - 13 poisoned darts (quivered)
Armour
 a - a +0 robe
 b - a cursed +0 robe (worn)
 l - a scarf of repulsion
Jewellery
 g - an uncursed amulet of magic regeneration {unknown}
Scrolls
 h - a scroll of teleportation {unknown}
 j - a scroll of fear {unknown}
 k - a scroll of remove curse {unknown}
 n - a scroll of magic mapping {unknown}
Potions
 d - a potion of brilliance {unknown}
 i - a potion of haste {unknown}
 o - a potion of lignification {unknown}


   Skills:
 + Level 2.1 Fighting
 + Level 3.4 Dodging
 - Level 3.2 Unarmed Combat
 + Level 2.4 Spellcasting
 + Level 3.5 Transmutations


You had 5 spell levels left.
You knew the following spells:

 Your Spells              Type           Power        Failure   Level
a - Beastly Appendage     Tmut           20%          6%          1

Your spell library contained the following spells:

 Spells                   Type           Power        Failure   Level
 Wereblood                Tmut           10%          9%          2
 Spider Form              Tmut/Pois      3%           34%         3
 Ice Form                 Ice/Tmut       6%           75%         4
 Blade Hands              Tmut           5%           85%         5


Dungeon Overview and Level Annotations

Branches:
Dungeon (4/15)
 Temple: D:4-7

Altars:


Innate Abilities, Weirdness & Mutations

You revert to your normal form in water.
You are very nimble and swift while swimming.
You are very stealthy in the water. (Stealth+)
You have a pair of horns on your head.


Message History

Throw: 13 darts (poison)
Press: ? - help, Q - select action, (/) - cycle Shift-Dir - straight line, f - rat
Aim: a rat (59% to hit)
Okay, then.
You hit the rat.
You kill the rat!
A puff of flame appears from out of thin air!
The puff of flame hits you! Something hits you.
* * * LOW HITPOINT WARNING * * *
You miss something. Something hits you.
* * * LOW HITPOINT WARNING * * *
You hit something but do no damage. You headbutt something!
Something completely misses you.
You barely miss something. You headbutt something. Something hits you.
* * * LOW HITPOINT WARNING * * *
You hit something. You punch something. Something hits you.
* * * LOW HITPOINT WARNING * * *
You hit something but do no damage. Something hits you.
You die...

..#.......#
#.!...####.
..........#
#.##)......
.....)....#
#.#........
..........#
#.#........
....#####.#
#..........
....# #.#
##......r..
##### .#
#.........
.#
##.{#.####
#.@# # #)>#
####


There were no monsters in sight!

Vanquished Creatures
  2 worms
  2 dart slugs
  A leopard gecko (D:2)
  3 orcs (D:3)
  7 bats
  3 giant cockroaches
  3 hobgoblins
  3 frilled lizards
  4 goblins
  2 kobolds (D:1)
  4 rats
34 creatures vanquished.

Notes
Turn   | Place    | Note
-------+----------+-------------------------------------------
     0 | D:1      | PaiMei the Merfolk Transmuter began the quest for the Orb.
     0 | D:1      | Reached XP level 1. HP: 15/15 MP: 3/3
   360 | D:1      | Reached XP level 2. HP: 13/21 MP: 3/5
  2147 | D:2      | Reached XP level 3. HP: 27/27 MP: 6/6
  2793 | D:2      | You fall into a shaft and drop 1 floor!
  3347 | D:3      | Slain by an orc wizard

Illustrated notes

Levels and vault maps discovered:
D:1:      giann_forest_graveyard, layout_basic, palyth_stone_intersect
D:2:      layout_loops_corners
D:3:      layout_basic, uniq_terence
D:4:      layout_basic, amethyst_overflow_temple_binary,
          minmay_temple_entry_large_hall, serial_shops, nicolae_shop_trees,
          vehumet_altar_wand_db

Skill      XL: |  1  2  3 |
---------------+----------+-----
Dodging        | 3 |  3.4
Transmutations | 3 |  3.5
Fighting       | 2 |  2.1
Unarmed Combat | |  3.2
Spellcasting   | |  2.4

Action                   || total
-------------------------++-------
Melee: Unarmed           ||    17
       Headbutt          ||    13
       Dagger            ||   141
       Punch             ||     3
Throw: Dart              ||    13
 Cast: Beastly Appendage ||    15
 Stab: Sleeping          ||     2
Armor: Robe              ||    27
Dodge: Dodged            ||   132
